 Dungeon Crawl Stone Soup version 0.19-a0-593-gf2cdb02 (webtiles) character file.

279 Duffy the Ruffian (level 6, -5/57 HPs)
             Began as a Minotaur Monk on June 10, 2016.
             Slain by Grinder (8 damage)
             ... on level 4 of the Dungeon.
             The game lasted 00:02:40 (3582 turns).

Duffy the Ruffian (Minotaur Monk)                   Turns: 3582, Time: 00:02:41

Health: -5/57      AC:  6    Str: 15    XL:     6   Next: 5%
Magic:  5/5        EV: 10    Int:  9    God:
Gold:   134        SH:  0    Dex: 13    Spells: 0 memorised, 5 levels left

rFire  . . .     SeeInvis .       - Unarmed
rCold  . . .     Gourm    .     p - +0 scale mail
rNeg   . . .     Faith    .     (no shield)
rPois  .         Spirit   .     (helmet restricted)
rElec  .         Dismiss  .     (no cloak)
rCorr  .         Reflect  .     (no gloves)
SustAt .         Harm     .     (no boots)
MR     .....                    (no amulet)
Stlth  ..........               (no ring)
                                (no ring)

@: lethally poisoned (-5 -> -5), not resistant to hostile enchantments,
extremely unstealthy
A: retaliatory headbutt, horns 2
a: no special abilities


You were on level 4 of the Dungeon.
You were not hungry.

You visited 1 branch of the dungeon, and saw 4 of its levels.

You collected 134 gold pieces.


Innate Abilities, Weirdness & Mutations

You reflexively headbutt those who attack you in melee.
You have a pair of horns on your head.


   Skills:
 + Level 6.2 Fighting
 - Level 3.2 Dodging
 - Level 1.5 Stealth
 + Level 6.5 Unarmed Combat


You had 5 spell levels left.
You didn't know any spells.

Inventory:

Missiles
 l - 46 poisoned needles
Armour
 a - a +0 robe
 d - a +0 ring mail
 p - a +0 scale mail (worn)
Jewellery
 j - a +2 amulet of reflection {unknown}
 o - an uncursed ring of ice {unknown}
Scrolls
 e - 4 scrolls of identify {unknown}
 g - 4 scrolls of teleportation {unknown}
 i - 2 scrolls of immolation {unknown}
 m - 4 scrolls of remove curse {unknown}
 q - 2 scrolls of random uselessness {unknown}
Potions
 f - 3 potions of curing {unknown}
 h - a potion of might {unknown}
 k - a potion of flight {unknown}
 n - a potion of mutation {unknown}
Comestibles
 b - 4 bread rations
 c - 2 chunks of flesh

Dungeon Overview and Level Annotations

Branches:
Dungeon (4/15)
 Temple: D:4-7

Altars:
Kikubaaqudgha
Nemelex Xobeh

Annotations:
D:4 Grinder


Message History

You punch the adder!
The adder is heavily wounded.
You feel sick. The adder bites you but does no damage.
You punch the adder!
You kill the adder!
You barely miss Grinder. Your headbutt misses Grinder.
You feel sick. Grinder closely misses you. You furiously retaliate!
You headbutt Grinder, but do no damage. You hit Grinder.
Your headbutt misses Grinder. You punch Grinder.
Grinder is lightly wounded.
Grinder closely misses you.
You closely miss Grinder.
Grinder is lightly wounded.
You feel sick.
You punch Grinder! You headbutt Grinder!
Grinder is heavily wounded.
Grinder closely misses you. You furiously retaliate!
You headbutt Grinder, but do no damage. You closely miss Grinder.
Grinder is heavily wounded.
Grinder hits you.
You writhe in agony.
You hit Grinder but do no damage.
Grinder is heavily wounded.
You feel sick. Grinder barely misses you.
You closely miss Grinder.
Grinder is heavily wounded.
Grinder gestures at you. Pain shoots through your body!
You hit Grinder but do no damage. Your headbutt misses Grinder.
Grinder is heavily wounded.
Grinder hits you.
You hit Grinder. You headbutt Grinder.
Grinder is severely wounded.
Grinder blinks!
You feel sick.
Grinder blinks!
Grinder gestures at you. You resist with significant effort.
You feel sick. Grinder hits you.
You writhe in agony.
You hit Grinder. You headbutt Grinder!
Grinder is almost dead.
Grinder blinks!
Grinder hits you!
You writhe in agony.
You are too injured to fight recklessly!
You are too injured to fight recklessly!
You are too injured to fight recklessly!
You barely miss Grinder. Your headbutt misses Grinder.
Grinder is almost dead.
You feel sick. Grinder hits you!
You die...

.....(...#.......#....#######
......(..#.......#....#.....#
###'#..).#..######....#.....#####
.#..#....#..#.........#..........
.#..+....#..#.........#..........
.#..#....'..#.).......+..........
##'##....##'#.........####..##..#
..................##'##.##'###..#
................@.#.............#
................5.+.............#
<.................###+#####'##..#
#.....#######............#..##..#
####### #....).......+...'..#
#............#...#..#
#............#+###..#
#.....####.......##'# #.....#
#....>......


You could see Grinder.

Action                   |  1- 3 |  4- 6 || total
-------------------------+-------+-------++-------
Melee: Unarmed           |    74 |   117 ||   191
       Headbutt          |    14 |    11 ||    25
       Punch             |     1 |     2 ||     3
 Stab: Sleeping          |     1 |       ||     1
  Eat: Chunk             |       |     5 ||     5
       Pizza             |       |     2 ||     2
Armor: Robe              |     2 |       ||     2
       Ring mail         |    16 |    14 ||    30
       Scale mail        |       |    19 ||    19
Dodge: Dodged            |    53 |    59 ||   112

Notes
Turn   | Place    | Note
--------------------------------------------------------------
     0 | D:1      | Duffy the Minotaur Monk began the quest for the Orb.
     0 | D:1      | Reached XP level 1. HP: 19/19 MP: 0/0
   365 | D:1      | Reached XP level 2. HP: 26/26 MP: 1/1
   367 | D:1      | Reached skill level 5 in Unarmed Combat
   837 | D:2      | Found a sparkling altar of Nemelex Xobeh.
   906 | D:2      | Noticed Ijyb
   918 | D:2      | Killed Ijyb
   918 | D:2      | Reached skill level 4 in Fighting
   918 | D:2      | Reached XP level 3. HP: 23/33 MP: 2/2
  1100 | D:2      | Noticed Robin
  1134 | D:2      | Killed Robin
  1134 | D:2      | Reached XP level 4. HP: 28/41 MP: 3/3
  1829 | D:3      | Found an ancient bone altar of Kikubaaqudgha.
  1861 | D:3      | Reached skill level 5 in Fighting
  2079 | D:3      | Reached XP level 5. HP: 33/48 MP: 4/4
  2956 | D:4      | Reached skill level 6 in Unarmed Combat
  3071 | D:4      | Noticed a centaur
  3083 | D:4      | Killed a centaur
  3083 | D:4      | Reached skill level 6 in Fighting
  3444 | D:4      | Reached XP level 6. HP: 43/57 MP: 5/5
  3552 | D:4      | Noticed Grinder
  3582 | D:4      | Slain by Grinder

Skill      XL: |  1  2  3  4  5 |
---------------+----------------+-----
Unarmed Combat | 5 6 |  6.5
Fighting       | 4 5 6 |  6.2
Dodging        | |  3.2
Stealth        | |  1.5

Vault maps used:
D:1:      mainiacjoe_arrival_reflecting_pool
D:2:      nemelex_xobeh_ov_fountains_minmay, first_bread, uniq_robin, uniq_iyjb
D:3:      kiku_gazebo_garden_becter
D:4:      lemuel_doored_altar, uniq_grinder

Vanquished Creatures
  A centaur Ijyb
  2 worker ants Robin
  3 adders
  An ooze
  3 worms
  3 dart slugs
  A giant gecko
  5 orcs
  4 giant cockroaches
  11 goblins
  7 hobgoblins
  3 jackals
  4 bats
  A giant gecko skeleton
  2 giant newts
  7 kobolds
  6 rats
66 creatures vanquished.
